 Dungeon Crawl Stone Soup version 0.28.0-47-ge53b351184 (webtiles) character file.

Game seed: 6363740874676436180

36 101zpm the Magician (level 3, 0/25 HPs)
             Began as a Djinni Fire Elementalist on May 2, 2022.
             Slain by a scorpion (3 damage)
             ... on level 3 of the Dungeon.
             The game lasted 00:01:53 (2382 turns).

101zpm the Magician (Djinni Fire Elementalist)      Turns: 2382, Time: 00:01:54

Health: 0/25       AC:  2    Str:  7    XL:     3   Next: 57%
Gold:   31         EV: 12    Int: 18    God:
                   SH:  0    Dex: 13

rFire   + + .      SeeInvis .   (no weapon)
rCold   x . .      Faith    .   (no shield)
rNeg    . . .      Spirit   .   a - +0 robe
rPois   ∞          Reflect  .   (no helmet)
rElec   .          Harm     .   (no cloak)
rCorr   .          Rampage  .   (no gloves)
Will    .....                   (boots unavailable)
Stlth   ++........              (no amulet)
HPRegen 0.08/turn               (no ring)
MPRegen 0.00/turn               (no ring)

@: flying
A: sickness immunity, fire resistance 2, cold vulnerability 1, float, innate
caster, HP casting, extra vitality 1
a: no special abilities


You were on level 3 of the Dungeon.
You visited 1 branch of the dungeon, and saw 3 of its levels.

You collected 31 gold pieces.

Inventory:

Armour
 a - a +0 robe (worn)
Scrolls
 d - 2 scrolls of fear {unknown}
Potions
 b - a potion of curing {unknown}
 c - a potion of heal wounds {unknown}


   Skills:
 + Level 0.1 Fighting
 + Level 2.3 Dodging
 + Level 1.8 Stealth
 + Level 3.2 Spellcasting


You couldn't memorise any spells.
You knew the following spells:

 Your Spells              Type           Power      Damage    Failure   Level
a - Foxfire               Conj/Fire      56%        2x1d6     4%          1
b - Scorch                Fire           28%        2d6       6%          2
c - Conjure Flame         Conj/Fire      14%        6-21      13%         3
d - Inner Flame           Hex/Fire       14%        N/A       13%         3
e - Flame Wave            Conj/Fire      14%        2d6       38%         4
f - Slow                  Hex            56%        N/A       4%          1
Your spell library was empty.

Dungeon Overview and Level Annotations

Branches:
Dungeon (3/15)

Altars:


Innate Abilities, Weirdness & Mutations

You are immune to sickness and miasma.
You are immune to poison.
Your flesh is very heat resistant. (rF++)
You are vulnerable to cold. (rC-)
You float through the air rather than walking.
You learn spells naturally, not from books.
Your magical power is your life essence.
You have superior vitality. (+4 MHP)


Message History

There is a stone staircase leading down here.
You fly downwards.
Found a glowing emerald potion and 15 stones.
Found a stone staircase leading down.
There is a stone staircase leading up here.
There are monsters nearby!
There are monsters nearby!
You conjure some foxfire!
The endoplasm hits you.
You conjure some foxfire!
The foxfire hits the endoplasm but does no damage.
The foxfire hits the endoplasm.
The endoplasm is almost dead.
The endoplasm hits you but does no damage.
You conjure some foxfire!
The foxfire hits the endoplasm.
You kill the endoplasm!
The foxfire hits the adder.
The adder is lightly wounded.
You conjure some foxfire!
The foxfire hits the adder.
The adder is heavily wounded.
The foxfire hits the adder but does no damage.
The adder is heavily wounded.
The adder barely misses you.
You conjure some foxfire!
The foxfire hits the adder.
The adder is heavily wounded.
The foxfire hits the scorpion but does no damage.
The adder barely misses you.
You conjure some foxfire!
The foxfire hits the scorpion but does no damage.
The foxfire hits the adder.
The adder is severely wounded.
The adder bites you. The scorpion stings you!
* * * LOW HITPOINT WARNING * * *
The adder misses you.
You are too injured to fight recklessly!
The foxfire hits the adder.
The adder is almost dead.
The foxfire hits the adder.
You kill the adder!
The scorpion stings you.
You die...

..# ... #.#
#># # #.#.#
#.#.###.#
##s......#
#.@.....#
#.†.......
#.......##
..........
..........!
......(.....
..##.......#.
... #########


You could see a scorpion.

Vanquished Creatures
  2 adders
  2 bats (D:1)
  An endoplasm (D:3)
  A giant cockroach (D:1)
  A goblin (D:1)
  A hobgoblin (D:1)
  5 kobolds
  4 quokkas
  3 ball pythons
  3 frilled lizards
  4 rats (D:1)
27 creatures vanquished.

Vanquished Creatures (others)
  193 foxfires
193 creatures vanquished.

Grand Total: 220 creatures vanquished

Notes
Turn   | Place    | Note
-------+----------+-------------------------------------------
     0 | D:1      | 101zpm the Djinni Fire Elementalist began the quest for the
                  | Orb.
     0 | D:1      | Reached XP level 1. HP: 15/15 MP: 0/0
   107 | D:1      | Found a faded altar of an unknown god.
   714 | D:1      | Reached XP level 2. HP: 12/21 MP: 0/0
  1580 | D:1      | Reached skill level 3 in Spellcasting
  1910 | D:1      | Reached XP level 3. HP: 22/25 MP: 0/0
  1910 | D:1      | Learned a level 1 spell: Slow
  2375 | D:3      | Noticed a scorpion
  2382 | D:3      | Slain by a scorpion

Illustrated notes

Levels and vault maps discovered:
D:1:      wheals_arrival_linesprint, layout_basic, basic_ecumenical_altar,
          kennysheep_minor_cross
D:2:      layout_rooms, serial_shops, shop
D:3:      layout_loops_ring, serial_shops, shop

Skill      XL: |  1  2 |
---------------+-------+-----
Spellcasting   | 3 |  3.2
Fighting       | |  0.1
Dodging        | |  2.3
Stealth        | |  1.8

Action                   || total
-------------------------++-------
Melee: Unarmed           ||     5
 Cast: Foxfire           ||   117
       Scorch            ||     2
Armor: Robe              ||     3
Dodge: Dodged            ||     9
